 Dungeon Crawl Stone Soup version 0.31-a0-472-g43a2ca8e1b (webtiles) character file.

Game seed: 13751457300473747100

80 Ethylacetat the Insei (level 4, 0/29 HPs)
             Began as an Octopode Shapeshifter on Aug 6, 2023.
             Slain by an orc
             ... wielding a +0 falchion
              (7 damage)
             ... on level 2 of the Dungeon.
             The game lasted 00:01:31 (782 turns).

Ethylacetat the Insei (Octopode Shapeshifter)        Turns: 782, Time: 00:01:32

Health: 0/29       AC:  1    Str: 14    XL:     4   Next: 39%
Magic:  4/4        EV: 13    Int: 10    God:
Gold:   17         SH:  0    Dex: 14    Spells: 3/3 levels left

rFire   . .          .
                       - Unarmed
rCold   . . .        (no shield)
rNeg    . . .        (helmet currently unavailable)
rPois   .            (no amulet)
rElec   .            (no ring)
rCorr   .            (no ring)
SInv    .            (no ring)
Will    .....        (no ring)
Stlth   ++           (no ring)
HPRegen 0.24/turn    (no ring)
MPRegen 0.09/turn    (no ring)
                     (no ring)

%: no passive effects
@: beast-form
A: beast (slay +2), almost no armour, amphibious, 8 rings, camouflage 1,
gelatinous body 1, (nimble swimmer 1), tentacles
a: Begin Untransformation


You were on level 2 of the Dungeon.
You were a hulking beast.
You visited 1 branch of the dungeon, and saw 2 of its levels.

You collected 69 gold pieces.
You spent 52 gold pieces at shops.

Inventory:

Talismans
 b - a beast talisman (active)
Scrolls
 c - a scroll of poison {unknown}
 e - 2 scrolls of teleportation {unknown}
 f - 3 scrolls of identify {unknown}
 g - a scroll of enchant weapon {unknown}
 h - a scroll of enchant armour {unknown}
 j - a scroll of vulnerability {unknown}
Potions
 a - a potion of lignification
 d - a potion of heal wounds {unknown}
 i - a potion of curing


   Skills:
 + Level 2.1 Fighting
 - Level 2.5 Dodging
 + Level 3.6 Unarmed Combat
 * Level 3.5 Shapeshifting


You had 3 spell levels left.
You didn't know any spells.
Your spell library contained the following spells:

 Spells                   Type           Power      Damage    Failure   Level
 Kiss of Death            Conj/Necr      0%         2d5       36%         1
 Confusing Touch          Hex            0%         N/A       75%         3
 Portal Projectile        Hex/Tloc       0%         N/A       75%         3
 Tukima's Dance           Hex            0%         N/A       75%         3
 Dispel Undead            Necr           0%         3d6       98%         4
 Iskenderun's Mystic Bla  Conj/Tloc      0%         2d3       98%         4


Dungeon Overview and Level Annotations

Branches:
Dungeon (2/15)

Altars:

Shops:
D:2 !


Innate Abilities, Weirdness & Mutations

You are a hulking beast.
Your limbs bulge with bestial killing power. (Slay +2)
You cannot wear most types of armour.
You are amphibious.
You can wear up to eight rings at the same time.
Your skin changes colour to match your surroundings (Stealth+).
Your rubbery body absorbs attacks. (AC +1, EV +1)
((You are camouflaged when in or above water. (Stealth+)))
You have tentacles for arms and can constrict up to eight enemies at once.


Message History

The orc priest is moderately wounded.
The orc priest hits you with a +0 short sword.
There are monsters nearby!
You tentacle-slap the orc priest. Your grab misses the orc priest.
The orc priest is severely wounded.
The orc priest invokes the aid of Beogh against you.
Beogh smites you!
There are monsters nearby!
You are too injured to fight recklessly!
You are too injured to fight recklessly!
You are too injured to fight recklessly!
You tentacle-slap the orc priest but do no damage.
Your grab misses the orc priest.
The orc priest is severely wounded.
The orc hits you with a +0 hand axe.
* * * LOW HITPOINT WARNING * * *
The orc priest barely misses you.
Unknown command.
You barely miss the orc priest. You grab the orc priest.
The orc priest is severely wounded.
You constrict the orc priest. The orc closely misses you.
The orc priest invokes the aid of Beogh against you.
You barely resist.
The ball python hisses angrily.
You bludgeon the orc priest!
You kill the orc priest!
The orc hits you with a +0 hand axe.
* * * LOW HITPOINT WARNING * * *
Your Fighting skill increases to level 2!
You have reached level 4!
The orc attacks as you move away! The orc barely misses you.
You closely miss the orc. You grab the orc.
You constrict the orc, but do no damage.
You tentacle-slap the orc but do no damage.
You constrict the orc. The orc misses you.
You tentacle-slap the orc but do no damage.
Your squeeze misses the orc.
The orc is lightly wounded.
You constrict the orc. The orc hits you with a +0 falchion!
You die...

#........########......(..
#........# #.........
#........# #.........
#........# #.........
#........# #.........
#...)....# #.........
#........# #)........
#........########o...."...
##.............hoo.!......
#.###.###################
#.# #.# #.###.# #.....#
#######


You could see 3 orcs.

Vanquished Creatures
  An orc priest (D:2)
  Terence (D:2)
  An adder (D:2)
  2 ball pythons
  An endoplasm (D:1)
  A giant cockroach (D:2)
  3 goblins
  A hobgoblin (D:1)
  A quokka (D:1)
  2 bats (D:1)
  3 frilled lizards
17 creatures vanquished.

Notes
Turn   | Place    | Note
-------+----------+-------------------------------------------
     0 | D:1      | Ethylacetat the Octopode Shapeshifter began the quest for
                  | the Orb.
     0 | D:1      | Reached XP level 1. HP: 13/13 MP: 1/1
     2 | D:1      | Noticed a ghoul
     4 | D:1      | Noticed a tengu
     4 | D:1      | Noticed a merfolk
     6 | D:1      | Noticed an octopode
     6 | D:1      | Noticed an elf
     8 | D:1      | Noticed a minotaur
     8 | D:1      | Noticed a naga
    10 | D:1      | Noticed a human
    10 | D:1      | Noticed a vine stalker
    12 | D:1      | Noticed a vampire
    14 | D:1      | Noticed an ogre
    14 | D:1      | Noticed a demonspawn
    16 | D:1      | Noticed a draconian
    16 | D:1      | Noticed a formicid
    18 | D:1      | Noticed a gargoyle
    18 | D:1      | Noticed a meteoran
    20 | D:1      | Noticed a spriggan
    22 | D:1      | Noticed an armataur
    22 | D:1      | Noticed a troll
    24 | D:1      | Noticed a troll
    24 | D:1      | Noticed a demigod
    26 | D:1      | Noticed a minotaur
   137 | D:1      | Reached XP level 2. HP: 18/18 MP: 2/2
   662 | D:2      | Noticed Terence
   670 | D:2      | Killed Terence
   671 | D:2      | Reached XP level 3. HP: 24/24 MP: 3/3
   710 | D:2      | Found Yryowiso's Distillery.
   724 | D:2      | Bought a potion of curing for 39 gold pieces
   724 | D:2      | Bought a potion of degeneration for 13 gold pieces
   777 | D:2      | Reached XP level 4. HP: 6/29 MP: 4/4
   782 | D:2      | Slain by an orc

Illustrated notes

Levels and vault maps discovered:
D:1:      kb_arrival_jail, layout_basic, hangedman_decor_points
D:2:      layout_basic, serial_shops, shop, uniq_terence

Skill      XL: |  1  2  3 |
---------------+----------+-----
Fighting       | 2 |  2.1
Dodging        | |  2.5
Unarmed Combat | |  3.6
Shapeshifting  | |  3.5

Action                     |  1- 3 |  4- 6 || total
---------------------------+-------+-------++-------
  Melee: Unarmed           |    35 |     3 ||    38
         Constrict         |    10 |     1 ||    11
         Tentacles         |     4 |       ||     4
         Punch             |     1 |       ||     1
   Stab: Sleeping          |     5 |       ||     5
 Armour: Skin              |     1 |       ||     1
  Dodge: Dodged            |    18 |     2 ||    20

Table legend: (Time is in decaauts)
 A = Elapsed time spent in this place.
 B = Non-inter-level travel time spent in this place.
 C = Inter-level travel time spent in this place.
 D = Time resting spent in this place.
 E = Time spent auto-exploring this place.
 F = Levels seen in this place.
 G = Mean time per level.
                   A        B        C        D        E       F      G
               +--------+--------+--------+--------+--------+-----+--------+
         Total |    779 |    756 |     23 |      0 |    630 |   2 |  389.5 |
       Dungeon |    779 |    756 |     23 |      0 |    630 |   2 |  389.5 |
               +--------+--------+--------+--------+--------+-----+--------+

Top non-repeatable levels by time:
     D:1: 542 daAuts
     D:2: 236 daAuts
